 Dungeon Crawl Stone Soup version 0.20.1-1-g8b1a95d (console) character file.

123900 Kloppie the Phalangite (level 16, -4/155 HPs)
             Began as a Minotaur Gladiator on July 12, 2017.
             Was the Champion of Okawaru.
             Slain by a mana viper (9 damage)
             ... on level 2 of the Snake Pit.
             The game lasted 00:45:02 (29077 turns).

Kloppie the Phalangite (Minotaur Gladiator)        Turns: 29077, Time: 00:45:03

Health: -4/155     AC: 20    Str: 28    XL:     16   Next: 38%
Magic:  17/20      EV:  9    Int: 15    God:    Okawaru [******]
Gold:   1173       SH:  4    Dex:  8    Spells: 15/15 levels left

rFire    + . .     SeeInvis .   a - +6 bardiche {freeze, rPois Int+10 Dex-5 Stlth+}
rCold    + + +     Gourm    .   (shield currently unavailable)
rNeg     . . .     Faith    .   g - +0 plate armour
rPois    +         Spirit   .   F - +0 hat {MR+}
rElec    .         Reflect  +   y - scarf {rC+ rF+}
rCorr    .         Harm     .   S - +0 pair of gloves of the Peculiar Hells {-Cast rC++ Str+3}
MR       +++..     NoCast   +   G - +0 pair of boots
Stlth    ..........             W - +4 amulet of reflection
Regen    0.4/turn               i - ring of protection from magic
MPRegen  0.2/turn               Z - ring of poison resistance

@: lethally poisoned (-4 -> -5)
A: retaliatory headbutt, horns 2
a: Heroism, Finesse, Renounce Religion


You were on level 2 of the Snake Pit.
You worshipped Okawaru.
Okawaru was exalted by your worship.
You were very hungry.

You visited 5 branches of the dungeon, and saw 26 of its levels.
You visited the Abyss 1 time.
You also visited: Ossuary.

You collected 2465 gold pieces.
You spent 1292 gold pieces at shops.

Inventory:

Hand Weapons
 a - the +6 bardiche of the Endless March (weapon) {freeze, rPois Int+10 Dex-5 Stlth+}
   (Okawaru gifted it to you on level 5 of the Lair of Beasts)

   It has been specially enchanted to freeze those struck by it, causing extra
   injury to most foes and up to half again as much damage against particularly
   susceptible opponents.
   It can also slow down cold-blooded creatures.
   It affects your intelligence (+10).
   It affects your dexterity (-5).
   It protects you from poison.
   It makes you more stealthy.
 b - a +4 glaive of flaming
 v - a +1 demon trident of electrocution
 C - the +8 glaive "Nanwause" {pain, rElec rN+ Int+4 Dex-2}
   (Okawaru gifted it to you on level 1 of the Lair of Beasts)

   In the hands of one skilled in necromantic magic, it inflicts extra damage on
   living creatures.
   It affects your intelligence (+4).
   It affects your dexterity (-2).
   It insulates you from electricity.
   It protects you from negative energy.
Missiles
 d - 8 throwing nets (quivered)
 j - 30 javelins
Armour
 g - a +0 plate armour (worn)
 x - the +2 pair of gloves "Kolaes" {rC+ MR+ MP+9 Int-4}
   (You bought it in a shop on level 2 of the Orcish Mines)

   It affects your intelligence (-4).
   It protects you from cold.
   It affects your resistance to hostile enchantments.
   It affects your magic capacity (+9).
 y - a scarf of resistance (worn)
 F - a +0 hat of magic resistance (worn)
 G - a +0 pair of boots (worn)
 S - the +0 pair of gloves of the Peculiar Hells (worn) {-Cast rC++ Str+3}
   (Okawaru gifted it to you on level 12 of the Dungeon)

   It affects your strength (+3).
   It greatly protects you from cold.
   It prevents spellcasting.
Jewellery
 c - an uncursed amulet of guardian spirit
 i - a ring of protection from magic (left hand)
 A - an uncursed ring of flight
 I - an uncursed ring of protection from fire
 K - an uncursed ring of see invisible
 M - an uncursed ring of protection from cold
 W - a +4 amulet of reflection (around neck)
 Z - a ring of poison resistance (right hand)
Wands
 J - a wand of disintegration (6/24)
Scrolls
 e - 3 scrolls of magic mapping
 l - 3 scrolls of fear
 q - a scroll of fog
 z - 5 scrolls of enchant armour
 L - 2 scrolls of enchant weapon
 N - 10 scrolls of remove curse
 O - 4 scrolls of identify
 X - 5 scrolls of teleportation
Potions
 h - 3 potions of curing
 n - 4 potions of haste
 o - 2 potions of cancellation
 r - 2 potions of heal wounds
 t - 4 potions of invisibility
 u - 7 potions of flight
 w - 2 potions of brilliance
 B - 3 potions of might
 D - 5 potions of magic
 E - a potion of lignification
 T - a potion of agility
Books
 Q - a book of Party Tricks

   Spells                             Type                      Level
   a - Summon Butterflies             Summoning                    1
   b - Apportation                    Translocation                1
   c - Lesser Beckoning               Translocation                3
   d - Tukima's Dance                 Hexes                        3
   e - Alistair's Intoxication        Transmutation/Poison         5
   f - Invisibility                   Hexes                        6
Comestibles
 f - 14 bread rations
 k - 12 meat rations
 m - 25 fruits


   Skills:
 - Level 17.5 Fighting
 + Level 21.8 Polearms
 - Level 2.0 Throwing
 - Level 16.4 Armour
 - Level 3.2 Dodging
 - Level 7.2 Invocations


You had 15 spell levels left.
You didn't know any spells.

Dungeon Overview and Level Annotations

Branches:
Dungeon (15/15)            Temple (1/1) D:4            Lair (6/6) D:8
 Shoals (0/4) Lair:3        Snake (2/4) Lair:3        Slime (0/5) Lair:6
    Orc (2/2) D:9             Elf (0/3) Orc:2        Vaults (0/5) D:14
 Depths: D:15

Altars:
Ashenzari
Cheibriados
Dithmenos
Elyvilon
Fedhas
Gozag
Hepliaklqana
Kikubaaqudgha
Makhleb
Nemelex Xobeh
Okawaru
Qazlal
Ru
Sif Muna
Trog
Uskayaw
Vehumet
Xom
Yredelemnul
Zin
The Shining One
Beogh
Jiyva

Shops:
D:7 [?%(*   D:12 *   D:15 !   Orc:2 [([*:

Portals:
Trove: D:10 (give 7 potions of agility)

Annotations:
Lair:6 1 runed door


Innate Abilities, Weirdness & Mutations

You reflexively headbutt those who attack you in melee.
You have a pair of horns on your head.


Message History

You completely miss the mana viper. Your headbutt misses the mana viper.
The mana viper is lightly wounded.
You feel sick.
The mana viper bites you but does no damage.
You closely miss the mana viper.
The mana viper is lightly wounded.
The mana viper bites you but does no damage.
The mana viper closely misses you.
You miss the mana viper. You headbutt the mana viper.
The mana viper is lightly wounded.
You feel sick. The mana viper bites you!
* * * LOW HITPOINT WARNING * * *
You feel your power leaking away.
You closely miss the mana viper. Your headbutt misses the mana viper.
The mana viper is lightly wounded.
The mana viper barely misses you.
You barely miss the mana viper.
The mana viper is lightly wounded.
You block the mana viper's attack. The mana viper bites you!
You die...

#.#....# ##......## #.##
#..)..)..###. ..#
###..............# #
#....)......###..# ..
......(.........# ##..#
......(.......### #....#
................####.....
................@SS..#
.............#####S###
#..#.#########...........#
#..#.........#..##........
#. #.........#. ##.......
####.........# S......
#..###.......## ###....
.....#........# ..?.
..............# ...


You could see a mana viper and 2 black mambas.

Vanquished Creatures
  Gastronok (Lair:2)
  A tentacled starspawn (Abyss:1)
  A stone giant (D:12)
  Josephine (D:11)
  2 fire dragons
  12 hydras
  2 naga warriors (Snake:2)
  2 centaur warriors
  Erica (Lair:1)
  A merfolk avatar (Lair:6)
  2 catoblepae
  5 anacondas (Snake:2)
  10 two-headed ogres
  16 death yaks
  5 orc high priests
  Urug (D:11)
  6 naga sharpshooters
  2 naga ritualists (Snake:2)
  2 skeletal warriors
  An iron troll (D:14)
  6 mana vipers
  3 oklob plants (Lair:4)
  An orc knight (Orc:1)
  4 cyclopes
  2 wolf spider zombies (D:14)
  3 deep elf magi
  An ugly thing (D:13)
  A manticore (D:13)
  2 salamanders (Snake:2)
  5 orc sorcerers
  11 black mambas
  3 naga magi
  5 elephants (Lair:6)
  Psyche (D:11)
  2 gargoyles (D:12)
  2 guardian serpents
  A torpor snail (Lair:2)
  An orange demon (Abyss:1)
  12 spiny frogs
  15 komodo dragons
  6 rime drakes
  2 kobold demonologists (D:13)
  2 ancient zymes (Abyss:1)
  A queen bee (D:10)
  A troll (shapeshifter) (D:15)
  A polar bear (shapeshifter) (D:14)
  A hornet (shapeshifter) (D:13)
  2 wind drakes (Lair:6)
  3 meliai (D:13)
  7 trolls
  Prince Ribbit (D:5)
  3 hornets (Lair:6)
  Grinder (D:3)
  4 polar bears (Lair:6)
  3 small abominations (Abyss:1)
  A meliai zombie (D:13)
  8 hippogriffs
  2 raiju (Abyss:1)
  6 slime creatures
  5 large abominations (Abyss:1)
  10 blink frogs
  8 dream sheep (Lair:5)
  A shadow (D:14)
  A ynoxinul (Abyss:1)
  3 wyverns
  71 yaks
  4 wraiths (D:11)
  5 basilisks
  A hungry ghost (Abyss:1)
  4 vampire mosquitoes (D:14)
  11 nagas
  2 wargs
  10 porcupines
  11 water moccasins
  An acid dragon (D:13)
  4 ice beasts
  21 orc warriors
  6 sky beasts
  3 phantoms
  A necrophage (D:11)
  10 wolves
  12 centaurs
  3 eyes of draining
  19 crocodiles
  19 ogres
  A crocodile (shapeshifter) (D:14)
  An elf zombie (Ossuary)
  4 big kobolds
  17 bullfrogs
  2 gnoll sergeants
  A spiny frog simulacrum (Abyss:1)
  2 wyvern skeletons
  4 scorpions
  12 killer bees
  3 wights (D:11)
  6 howler monkeys
  2 electric eels
  2 centaur zombies
  5 jellies
  A lava snake (Lair:1)
  2 bullfrog zombies
  10 crimson imps
  4 hounds
  3 bullfrog skeletons
  2 human zombies (Ossuary)
  3 centaur skeletons
  27 orc priests
  7 iguanas
  30 orc wizards
  7 hell rats
  6 worker ants
  3 hound zombies
  3 mummies (Ossuary)
  A worker ant zombie (D:9)
  15 gnolls
  14 adders
  A howler monkey skeleton (D:4)
  9 river rats (Lair:3)
  A shadow imp (D:9)
  A white imp (Abyss:1)
  An ufetubus (Abyss:1)
  2 oozes (D:2)
  3 adder zombies (Ossuary)
  2 worms
  5 leopard geckos
  83 orcs
  7 giant cockroaches
  2 gnoll zombies (Ossuary)
  6 goblins
  5 hobgoblins
  7 jackals
  16 kobolds
  8 quokkas
  3 bats
  8 frilled lizards
  8 goblin zombies (Ossuary)
  3 hobgoblin zombies (Ossuary)
  2 jackal zombies
  2 kobold zombies (Ossuary)
  A leopard gecko skeleton (D:5)
  7 quokka zombies (Ossuary)
  10 rats
  4 rat zombies (Ossuary)
  A starspawn tentacle (Abyss:1)
864 creatures vanquished.

Vanquished Creatures (others)
  11 fungi
  15 plants
  2 starspawn tentacles (Abyss:1)
28 creatures vanquished.

Grand Total: 892 creatures vanquished

Notes
Turn   | Place    | Note
-------+----------+-------------------------------------------
     0 | D:1      | Kloppie the Minotaur Gladiator began the quest for the Orb.
     0 | D:1      | Reached XP level 1. HP: 18/18 MP: 0/0
   430 | D:1      | Reached XP level 2. HP: 25/25 MP: 1/1
   503 | D:1      | Reached skill level 4 in Polearms
   970 | D:2      | Reached XP level 3. HP: 31/31 MP: 2/2
  1280 | D:3      | Found a shadowy altar of Dithmenos.
  1414 | D:3      | Reached skill level 5 in Polearms
  1414 | D:3      | Reached XP level 4. HP: 33/40 MP: 3/3
  1553 | D:3      | Noticed Grinder
  1829 | D:4      | Found a staircase to the Ecumenical Temple.
  1838 | Temple   | Entered the Ecumenical Temple
  2083 | Temple   | Became a worshipper of Warmaster Okawaru
  2211 | D:4      | Reached XP level 5. HP: 32/47 MP: 4/4
  2390 | D:4      | Found a deep blue altar of Sif Muna.
  2419 | D:4      | Found an opulent altar of Gozag.
  2494 | D:4      | Reached skill level 5 in Fighting
  2555 | D:4      | Reached skill level 6 in Polearms
  2968 | D:4      | Reached XP level 6. HP: 30/56 MP: 5/5
  3331 | D:4      | Reached skill level 1 in Armour
  3699 | D:3      | Killed Grinder
  3699 | D:3      | Reached * piety under Okawaru
  3699 | D:3      | Reached skill level 7 in Polearms
  3699 | D:3      | Reached XP level 7. HP: 56/62 MP: 6/6
  3933 | D:3      | Reached ** piety under Okawaru
  4135 | D:5      | Entered Level 5 of the Dungeon
  4164 | D:5      | Found a bloodstained altar of Trog.
  4174 | D:5      | Reached skill level 8 in Polearms
  4214 | D:5      | Reached skill level 5 in Armour
  4239 | D:5      | Reached XP level 8. HP: 41/70 MP: 7/7
  4349 | D:5      | Noticed Prince Ribbit
  4360 | D:5      | Killed Prince Ribbit
  4360 | D:5      | Reached skill level 9 in Polearms
  4367 | D:5      | Found a sand-covered staircase.
  4500 | Ossuary  | Entered an ossuary
  4786 | Ossuary  | Reached *** piety under Okawaru
  4822 | Ossuary  | Identified a scroll of acquirement
  4823 | Ossuary  | Got a transparent glaive
  4824 | Ossuary  | Identified the +4 glaive of Ruination {chop, Dex+3} (You acquired it in an ossuary)
  5129 | D:6      | Reached skill level 10 in Polearms
  5221 | D:6      | Found a radiant altar of Vehumet.
  5385 | D:6      | Reached XP level 9. HP: 75/75 MP: 8/8
  5494 | D:6      | Found an ancient bone altar of Kikubaaqudgha.
  5495 | D:6      | Found a deep blue altar of Sif Muna.
  5498 | D:6      | Identified Sif Muna's Catalogue of Enchantment
  5701 | D:7      | Found Zutruwegg's Food Shop.
  5706 | D:7      | Reached skill level 1 in Invocations
  5712 | D:7      | Found Moargh's Antique Weapon Emporium.
  5736 | D:7      | Found Celecrut's Magic Scroll Shoppe.
  5745 | D:7      | Bought a scroll of identify for 30 gold pieces
  5745 | D:7      | Bought a scroll of identify for 30 gold pieces
  5881 | D:7      | Found a sparkling altar of Nemelex Xobeh.
  5967 | D:7      | Found Demuing's General Store.
  6047 | D:7      | Found Ydaqiar's Armour Shoppe.
  6121 | D:7      | Reached skill level 11 in Polearms
  6607 | D:7      | Found a burning altar of Makhleb.
  6986 | D:8      | Found a staircase to the Lair.
  6987 | D:8      | Reached **** piety under Okawaru
  7258 | D:9      | Noticed a two-headed ogre
  7264 | D:9      | Killed a two-headed ogre
  7264 | D:9      | Received a gift from Okawaru
  7264 | D:9      | Reached skill level 13 in Polearms
  7395 | D:9      | Found a glowing silver altar of Zin.
  7541 | D:9      | Reached ***** piety under Okawaru
  7541 | D:9      | Reached XP level 10. HP: 50/83 MP: 11/11
  7559 | D:9      | Found a staircase to the Orcish Mines.
  7709 | D:9      | Found a snail-covered altar of Cheibriados.
  8009 | D:9      | Received a gift from Okawaru
  8151 | D:9      | Reached skill level 14 in Polearms
  8288 | Lair:1   | Entered Level 1 of the Lair of Beasts
  8381 | Lair:1   | Noticed Erica
  8411 | Lair:1   | Killed Erica
  8650 | Lair:1   | Received a gift from Okawaru
  8651 | Lair:1   | Got a jewelled glaive {god gift}
  8652 | Lair:1   | Identified the +8 glaive "Nanwause" {pain, rElec rN+ Int+4 Dex-2} (Okawaru gifted it to you on level 1 of the Lair of Beasts)
  8661 | Lair:1   | Noticed a spiny frog
  8670 | Lair:1   | Killed a spiny frog
  8670 | Lair:1   | Reached skill level 15 in Polearms
  8954 | Lair:1   | Noticed a spiny frog
  8959 | Lair:1   | Killed a spiny frog
  9305 | Lair:2   | Noticed Gastronok
  9322 | Lair:2   | Killed Gastronok
  9322 | Lair:2   | Reached ****** piety under Okawaru
  9322 | Lair:2   | Reached XP level 11. HP: 90/99 MP: 12/12
  9400 | Lair:2   | Reached skill level 10 in Fighting
  9401 | Lair:2   | Noticed a four-headed hydra
  9648 | Lair:1   | Received a gift from Okawaru
  9907 | Lair:2   | Reached skill level 16 in Polearms
  9957 | Lair:2   | Received a gift from Okawaru
 10276 | Lair:2   | Killed a four-headed hydra
 10276 | Lair:2   | Received a gift from Okawaru
 10942 | Lair:2   | Noticed a death yak
 10947 | Lair:2   | Noticed a death yak
 10967 | Lair:2   | Killed a death yak
 10967 | Lair:2   | Reached XP level 12. HP: 51/110 MP: 5/13
 10974 | Lair:2   | Killed a death yak
 10974 | Lair:2   | Reached skill level 17 in Polearms
 10978 | Lair:2   | Reached skill level 10 in Armour
 11645 | D:10     | Entered Level 10 of the Dungeon
 11848 | D:10     | Received a gift from Okawaru
 12110 | D:10     | Found a portal to a secret trove of treasure.
 12403 | D:11     | Noticed Psyche
 12406 | D:11     | Killed Psyche
 12504 | D:11     | Found a bloodstained altar of Trog.
 12504 | D:11     | Noticed an eight-headed hydra
 12513 | D:11     | Killed a nine-headed hydra
 12566 | D:11     | Noticed Josephine
 12567 | D:11     | Noticed a two-headed ogre
 12577 | D:11     | Killed Josephine
 12581 | D:11     | Killed a two-headed ogre
 12996 | D:11     | Noticed Urug
 13008 | D:11     | Killed Urug
 13196 | D:12     | Noticed a two-headed ogre
 13200 | D:12     | Noticed a four-headed hydra
 13202 | D:12     | Killed a two-headed ogre
 13832 | D:12     | Noticed a two-headed ogre
 13849 | D:12     | Received a gift from Okawaru
 13853 | D:12     | Killed a two-headed ogre
 13854 | D:12     | Got a pair of brightly glowing gloves {god gift}
 13860 | D:12     | Identified the +0 pair of gloves of the Peculiar Hells {-Cast rC++ Str+3} (Okawaru gifted it to you on level 12 of the Dungeon)
 13910 | D:12     | Found a burning altar of Makhleb.
 13913 | D:12     | Found Liphinoi's Sacrilege Store.
 13942 | D:12     | Bought a +1 demon trident of electrocution for 578 gold pieces
 13989 | D:12     | Reached XP level 13. HP: 122/122 MP: 14/14
 14074 | D:12     | Got a heavily runed ring mail
 14090 | D:12     | Identified the +7 ring mail of Recklessness {Stlth+} (You found it on level 12 of the Dungeon)
 14122 | D:12     | Noticed a stone giant
 14137 | D:12     | Killed a stone giant
 15675 | D:13     | Reached skill level 18 in Polearms
 15866 | Lair:3   | Found a staircase to the Snake Pit.
 15930 | Lair:3   | Found a staircase to the Shoals.
 15958 | Lair:3   | Received a gift from Okawaru
 15959 | Lair:3   | Got an ichor-stained halberd {god gift}
 15964 | Lair:3   | Identified the +2 halberd of a Spat {chop, rC+ Int+4 SInv} (Okawaru gifted it to you on level 3 of the Lair of Beasts)
 16567 | Lair:3   | Reached skill level 19 in Polearms
 17488 | Lair:4   | Reached XP level 14. HP: 87/132 MP: 7/15
 17545 | Lair:4   | Identified the Tome of Cold and Protection
 17700 | Lair:4   | Received a gift from Okawaru
 17812 | Lair:4   | Reached skill level 20 in Polearms
 18449 | Lair:5   | Reached skill level 5 in Invocations
 18529 | Lair:5   | Received a gift from Okawaru
 18533 | Lair:5   | Got a warped bardiche {god gift}
 18534 | Lair:5   | Identified the +6 bardiche of the Endless March {freeze, rPois Int+10 Dex-5 Stlth+} (Okawaru gifted it to you on level 5 of the Lair of Beasts)
 19109 | Lair:5   | Found a glowing golden altar of the Shining One.
 19366 | Lair:6   | Entered Level 6 of the Lair of Beasts
 19398 | Lair:6   | Received a gift from Okawaru
 20491 | Lair:6   | Reached XP level 15. HP: 139/139 MP: 19/19
 20495 | Lair:6   | Received a gift from Okawaru
 20518 | Lair:6   | Found a runed door.
 20519 | Lair:6   | Found a viscous altar of Jiyva.
 20519 | Lair:6   | Found a staircase to the Slime Pits.
 20519 | Lair:6   | Noticed an azure jelly
 20519 | Lair:6   | Noticed an azure jelly
 20519 | Lair:6   | Noticed an azure jelly
 20677 | Lair:6   | Reached skill level 15 in Fighting
 21077 | Lair:6   | Received a gift from Okawaru
 21630 | Orc:1    | Entered Level 1 of the Orcish Mines
 22440 | Orc:2    | Entered Level 2 of the Orcish Mines
 22462 | Orc:2    | Received a gift from Okawaru
 22922 | Orc:2    | Found Keruad's Book Shoppe.
 23616 | Orc:2    | Found a staircase to the Elven Halls.
 23687 | Orc:2    | Found a roughly hewn altar of Beogh.
 23734 | Orc:2    | Found Qopunarr's Antique Armour Shoppe.
 23734 | Orc:2    | Found Kesaass's Assorted Antiques.
 23734 | Orc:2    | Found Suichol's Antique Armour Emporium.
 23737 | Orc:2    | Found Haxt's Antique Weapon Shoppe.
 23743 | Orc:2    | Bought a pair of translucent gloves for 275 gold pieces
 23753 | Orc:2    | Identified the +2 pair of gloves "Kolaes" {rC+ MR+ MP+9 Int-4} (You bought it in a shop on level 2 of the Orcish Mines)
 23799 | Orc:2    | Cast into level 1 of the Abyss (orc warrior)
 23943 | Abyss:1  | Noticed a tentacled starspawn
 23952 | Abyss:1  | Killed a tentacled starspawn
 24155 | Abyss:1  | Found a corrupted altar of Lugonu.
 24249 | Abyss:1  | Found a corrupted altar of Lugonu.
 24253 | Abyss:1  | Found a corrupted altar of Lugonu.
 24331 | Abyss:1  | Noticed a tentacled starspawn
 24334 | Abyss:1  | Received a gift from Okawaru
 24388 | Orc:2    | Escaped the Abyss
 24556 | Orc:2    | Bought a dazzling glaive for 379 gold pieces
 24556 | Orc:2    | Identified the +3 glaive "Fecsat" {chop, +Inv} (You bought it in a shop on level 2 of the Orcish Mines)
 24817 | D:14     | Received a gift from Okawaru
 24917 | D:14     | Reached skill level 15 in Armour
 25353 | D:14     | Found a gate to the Vaults.
 25731 | D:15     | Entered Level 15 of the Dungeon
 25732 | D:15     | Found Kimewk's Distillery.
 25795 | D:14     | HP: 4/147 [something (5)]
 26255 | D:14     | HP: 7/147 [ogre/giant club (14)]
 26684 | Snake:1  | Entered Level 1 of the Snake Pit
 26693 | Snake:1  | Reached XP level 16. HP: 153/155 MP: 13/20
 27578 | Snake:1  | Reached skill level 21 in Polearms
 28359 | Snake:1  | Received a gift from Okawaru
 29075 | Snake:2  | HP: 5/155 [mana viper (14)]
 29077 | Snake:2  | Slain by a mana viper

Skill      XL: |  1  2  3  4  5  6  7  8  9 10 11 12 13 14 15 16 |
---------------+-------------------------------------------------+-----
Fighting       | 3 4 5 9 11 13 14 17 | 17.5
Polearms       | 4 5 6 7 8 10 13 15 16 17 19 20 21 | 21.8
Armour         | 3 5 8 9 12 13 14 16 | 16.4
Invocations    | 3 7 |  7.2
Throwing       | |  2.0
Dodging        | |  3.2

Action                   |  1- 3 |  4- 6 |  7- 9 | 10-12 | 13-15 | 16-18 || total
-------------------------+-------+-------+-------+-------+-------+-------++-------
Melee: Trident           |    83 |   156 |   377 |    20 |       |       ||   636
       Headbutt          |     8 |    29 |    70 |   104 |   274 |    22 ||   507
       Glaive            |       |       |    48 |   529 |  1152 |       ||  1729
       Demon trident     |       |       |       |       |    58 |       ||    58
       Bardiche          |       |       |       |       |     7 |   147 ||   154
Throw: Throwing net      |       |     6 |       |       |       |       ||     6
       Javelin           |       |     1 |       |       |       |       ||     1
Invok: Heroism           |       |       |       |     4 |     4 |       ||     8
       Finesse           |       |       |       |       |     1 |       ||     1
  Use: Potion            |       |     2 |       |     6 |     4 |       ||    12
       Scroll            |       |       |    18 |     6 |    11 |     1 ||    36
 Stab: Held in net/web   |       |     2 |       |       |       |       ||     2
       Sleeping          |       |       |       |       |     2 |       ||     2
       Distracted        |       |       |       |       |     1 |       ||     1
  Eat: Chunk             |     2 |     7 |    12 |    17 |    35 |     1 ||    74
       Royal jelly       |       |       |       |     2 |     2 |       ||     4
       Bread ration      |       |       |       |       |     1 |       ||     1
       Fruit             |       |       |       |       |     1 |       ||     1
       Meat ration       |       |       |       |       |       |     1 ||     1
Armor: Leather armour    |     2 |       |       |       |       |       ||     2
       Ring mail         |    11 |    34 |       |       |    85 |       ||   130
       Chain mail        |       |    17 |   138 |   180 |       |       ||   335
       Plate armour      |       |       |       |    43 |   344 |    57 ||   444
Dodge: Dodged            |    33 |    66 |   122 |   218 |   381 |    48 ||   868
Block: Other             |       |       |       |       |    23 |    27 ||    50
       Reflection        |       |       |       |       |     1 |     6 ||     7
